 Dungeon Crawl Stone Soup version 0.17.2-1-ge4368a0 (webtiles) character file.

81 Goblin1989 the Sneak (level 4, -9/22 HPs)
             Began as a Spriggan Gladiator on Aug 23, 2016.
             Killed by nerve-wracking pain
             ... invoked by an orc priest
              (12 damage)
             ... on level 5 of the Dungeon.
             The game lasted 00:04:42 (592 turns).

Goblin1989 the Sneak (Spriggan Gladiator)            Turns: 592, Time: 00:04:42

Health: -9/22      AC:  3    Str: 11    XL:     4   Next: 20%
Magic:  5/5        EV: 20    Int:  9    God:
Gold:   0          SH:  0    Dex: 17    Spells: 0 memorised, 3 levels left

rFire  . . .     SeeInvis +     a - +0 rapier
rCold  . . .     Clarity  .     b - +0 robe
rNeg   . . .     SustAt   .     (shield restricted)
rPois  .         Gourm    .     c - +0 hat
rElec  .         Spirit   .     j - +0 cloak
rCorr  .         Warding  .     (gloves unavailable)
rMut   .         Stasis   .     (boots unavailable)
MR     .....                    (no amulet)
Stlth  ++++......               (no ring)
                                (no ring)

@: very quick, not resistant to hostile enchantments, stealthy
A: unfitting armour, see invisible, herbivore 3, speed 3, slow metabolism 2
a: no special abilities


You were on level 5 of the Dungeon.
You were not hungry.

You visited 1 branch of the dungeon, and saw 4 of its levels.

Inventory:

Hand Weapons
 a - a +0 rapier (weapon)
Missiles
 d - a throwing net (quivered)
Armour
 b - a +0 robe (worn)
 c - a +0 hat (worn)
 j - a +0 cloak (worn)
Wands
 p - a wand of paralysis (15)
Scrolls
 f - a scroll of amnesia {unknown}
 h - 2 scrolls of enchant weapon {unknown}
 i - a scroll of magic mapping {unknown}
 k - 2 scrolls of identify {unknown}
 l - a scroll of remove curse {unknown}
 q - a scroll of teleportation {unknown}
Potions
 g - a potion of agility {unknown}
 m - a potion of ambrosia {unknown}
 n - a potion of brilliance {unknown}
 o - a potion of curing {unknown}
Comestibles
 e - a bread ration


   Skills:
 - Level 1.5 Fighting
 - Level 3.2 Short Blades
 - Level 2.0 Throwing
 - Level 4.4 Dodging
 + Level 6.2 Stealth


You had 3 spell levels left.
You didn't know any spells.

Dungeon Overview and Level Annotations

Branches:
Dungeon (5/15)
 Temple: D:4-7

Altars:
Zin


Innate Abilities, Weirdness & Mutations

You are tiny and cannot use many weapons and most armour.
You have supernaturally acute eyesight.
You are a herbivore.
You cover ground extremely quickly.
You need consume almost no food.


Message History

Throwing (i - inventory):
d - 3 throwing nets (quivered)
Press: ? - help, Shift-Dir - straight line, f - orc
Aim: an orc, wielding a short sword and wearing a leather armour (heavily wounded)
You throw a throwing net. The throwing net hits the orc.
The orc is caught in the net!
The orc is heavily wounded.
The orc priest looks braver for a moment.
The orc struggles against the net.
You hit the orc.
You kill the orc!
Throwing (i - inventory):
d - 2 throwing nets (quivered)
Press: ? - help, Shift-Dir - straight line, f - orc priest
Aim: an orc priest, wielding an enchanted war axe and wearing a leather armour You throw a throwing net.
The throwing net closely misses the orc priest.
The throwing net closely misses the orc.
The orc priest mumbles some strange prayers to Beogh against you.
Pain shoots through your body!
Ouch! That really hurt!
You die...

### ..## #
#.#######.## #.
#..)@oo....(
#.###.#######.##
#...## #.# ##.##
#.# #.# #.# #.#
#.# #.# #.# #.#
#.#
#.#########.#


You could see an orc priest and an orc.

Vanquished Creatures
  An orc priest (D:5)
  A killer bee zombie (D:5)
  An adder (D:5)
  2 giant geckos (D:1)
  3 orcs
  A ball python (D:1)
  2 bats (D:2)
  A giant cockroach (D:1)
  2 jackals (D:2)
  A kobold (D:1)
  A giant newt (D:2)
  6 rats
22 creatures vanquished.

Vanquished Creatures (others)
  A fungus (D:5)
1 creature vanquished.

Grand Total: 23 creatures vanquished

Notes
Turn   | Place    | Note
--------------------------------------------------------------
     0 | D:1      | Goblin1989 the Spriggan Gladiator began the quest for the Orb.
     0 | D:1      | Reached XP level 1. HP: 10/10 MP: 2/2
    37 | D:1      | Reached skill level 1 in Stealth
   268 | D:1      | Reached XP level 2. HP: 14/14 MP: 3/3
   440 | D:3      | Found a glowing silver altar of Zin.
   440 | D:3      | Noticed an angel
   503 | D:3      | You fall through a shaft for 2 floors!
   503 | D:5      | Entered Level 5 of the Dungeon
   521 | D:5      | Reached XP level 3. HP: 15/18 MP: 4/4
   543 | D:5      | Reached skill level 5 in Stealth
   584 | D:5      | Reached skill level 6 in Stealth
   584 | D:5      | Reached XP level 4. HP: 14/22 MP: 5/5
   592 | D:5      | Killed from afar by an orc priest

Action                   |  1- 3 |  4- 6 || total
-------------------------+-------+-------++-------
Melee: Rapier            |    66 |     5 ||    71
Throw: Throwing net      |       |     2 ||     2
 Stab: Sleeping          |     5 |       ||     5
